 Dungeon Crawl Stone Soup version 0.22-a0-448-g1fb7470 (webtiles) character file.

583 xccam the Changer (level 7, 0/52 HPs)
             Began as a Black Draconian Transmuter on June 4, 2018.
             Succumbed to a worker ant's poison
             ... on level 4 of the Dungeon.
             The game lasted 00:09:28 (4140 turns).

xccam the Changer (Black Draconian Transmuter)      Turns: 4140, Time: 00:09:29

Health: 0/52       AC: 10    Str: 11 (13) XL:     7   Next: 14%
Magic:  14/14      EV: 12    Int: 13 (15) God:
Gold:   186        SH:  0    Dex:  9 (11) Spells: 7/15 levels left

rFire    + . .     SeeInvis .     - Unarmed
rCold    + . .     Gourm    .   (no shield)
rNeg     + . .     Faith    .   (armour unavailable)
rPois    +         Spirit   .   (helmet restricted)
rElec    +         Reflect  .   o - +2 cloak
rCorr    +         Harm     .   m - +0 pair of gloves
MR       .....                  (boots currently unavailable)
Stlth    +.........             l - amulet of rage
HPRegen  0.17/turn              p - ring of positive energy
MPRegen  0.14/turn              (no ring)

@: lethally poisoned (0 -> -5), appendage, resistant, very slightly contaminated
A: breathe lightning, unfitting armour, talons 3, electricity resistance,
cold-blooded, AC +6
a: Breathe Lightning, End Transformation, Evoke Berserk Rage


You were on level 4 of the Dungeon.
You were not hungry.
You had grown temporary talons.
You visited 1 branch of the dungeon, and saw 4 of its levels.

You collected 186 gold pieces.

Inventory:

Missiles
 a - 2 arrows
Armour
 m - a +0 pair of gloves (worn)
 o - a +2 cloak (worn)
Jewellery
 d - an uncursed amulet of guardian spirit
 l - an amulet of rage (around neck)
 p - a ring of positive energy (left hand)
Scrolls
 b - 3 scrolls of enchant weapon
 e - a scroll of fog
 i - 3 scrolls of remove curse
 k - a scroll of amnesia {unknown}
 n - a scroll of teleportation {unknown}
Potions
 h - a potion of magic
Comestibles
 c - 9 rations


   Skills:
 - Level 1.1 Fighting
 - Level 1.7 Dodging
 + Level 4.5 Unarmed Combat
 * Level 4.8 Spellcasting
 * Level 5.2 Transmutations


You had 7 spell levels left.
You knew the following spells:

 Your Spells              Type           Power        Failure   Level  Hunger
a - Beastly Appendage     Tmut           ###...       2%          1    None
b - Sticks to Snakes      Tmut           ###.....     3%          2    ##.....
c - Blade Hands           Tmut           ###.......   52%         5    ######.

Your spell library contained the following spells:

 Spells                   Type           Power        Failure   Level  Hunger
 Spider Form              Tmut/Pois      #.........   21%         3    ###....
 Ice Form                 Ice/Tmut       #.......     54%         4    ####...


Dungeon Overview and Level Annotations

Branches:
Dungeon (4/15)
 Temple: D:4-7

Altars:
Xom


Innate Abilities, Weirdness & Mutations

You can breathe wild blasts of lightning.
Your glossy black scales are hard. (AC +6)
You cannot fit into any form of body armour.
You are resistant to electric shocks. (rElec)
You are cold-blooded and may be slowed by cold attacks.
You have claws for feet.


Message History

You hit the worker ant but do no damage.
The worker ant is heavily wounded.
You feel sick. The worker ant bites you.
* * * LOW HITPOINT WARNING * * *
You feel sick.
It was a potion of degeneration.
There was something very wrong with that liquid.
You feel weakened.
You feel dopey.
You feel clumsy. The worker ant bites you!
* * * LOW HITPOINT WARNING * * *
Unknown command.
Blink to where?
Press: ? - help, Dir - move target cursor You are very lightly contaminated with residual magic.
As you read the scroll labeled EXTEDO DIUNA, it crumbles to dust.
It was a scroll of blinking.
* * * LOW HITPOINT WARNING * * *
You feel sick.
You feel protected.
You die...

###### #..... #..... #
############ #..... .####
#>.........# #.....
..).########..........######.....
..)).....a......@................
....########..........######.†...
..[...................### #####.
......######.(....<....)## #.
......#### #..........#).## #.
.........########.)#####..#### #.
#.##...............[.........###.
#.####..##..####..##########.....
#.# ##.###....##................


You could see a worker ant.

Vanquished Creatures
  Eustachio (D:4)
  A phantom (D:4)
  A crimson imp (D:2)
  An orc priest (D:4)
  Crazy Yiuf (D:2)
  Natasha (twice) (D:2)
  2 gnolls
  6 adders
  3 worms
  2 dart slugs
  5 leopard geckos
  6 orcs (D:4)
  7 bats
  3 giant cockroaches
  12 goblins
  11 hobgoblins
  2 jackals (D:3)
  2 quokkas (D:2)
  4 ball pythons
  5 frilled lizards
  5 kobolds
  A quokka skeleton (D:4)
  4 rats
87 creatures vanquished.

Vanquished Creatures (collateral kills)
  An ogre (D:4)
  The ghost of TheNamelessOne the Insei, an amateur OpTm (D:3)
  A gnoll (D:3)
  An ooze (D:4)
  An orc (D:4)
5 creatures vanquished.

Grand Total: 92 creatures vanquished

Notes
Turn   | Place    | Note
-------+----------+-------------------------------------------
     0 | D:1      | xccam the Draconian Transmuter began the quest for the Orb.
     0 | D:1      | Reached XP level 1. HP: 16/16 MP: 3/3
   410 | D:1      | Reached XP level 2. HP: 23/23 MP: 5/5
   444 | D:1      | Learned a level 2 spell: Sticks to Snakes
  1060 | D:2      | Noticed a crimson imp
  1065 | D:2      | Reached XP level 3. HP: 19/28 MP: 3/6
  1088 | D:2      | Reached skill level 3 in Transmutations
  1088 | D:2      | Reached XP level 4. HP: 13/35 MP: 3/8
  1403 | D:2      | Found a shimmering altar of Xom.
  1544 | D:2      | Found a runed door.
  2178 | D:2      | Noticed Natasha
  2191 | D:2      | Killed Natasha
  2191 | D:2      | Reached XP level 5. HP: 27/40 MP: 8/10
  2315 | D:2      | Noticed Crazy Yiuf
  2323 | D:2      | Killed Crazy Yiuf
  2475 | D:2      | Noticed Natasha
  2486 | D:2      | Killed Natasha
  2721 | D:3      | Noticed TheNamelessOne's ghost (amateur OpTm)
  2737 | D:2      | Reached skill level 4 in Transmutations
  2983 | D:3      | Killed TheNamelessOne's ghost
  3187 | D:3      | Reached XP level 6. HP: 17/47 MP: 6/11
  3732 | D:4      | Noticed Eustachio
  3759 | D:4      | Killed Eustachio
  4010 | D:4      | Reached skill level 5 in Transmutations
  4010 | D:4      | Your scales start taking on a glossy black colour.
  4010 | D:4      | Reached XP level 7. HP: 37/52 MP: 12/14
  4010 | D:4      | Gained mutation: You are resistant to electric shocks. (rElec) [Black Draconian growth]
  4017 | D:4      | Learned a level 5 spell: Blade Hands
  4138 | D:4      | HP: 2/52 [worker ant (7)]
  4140 | D:4      | Succumbed to a worker ant's poison

Vault maps used:
D:1:      ncdulo_smallfort, minmay_liquid_box
D:2:      overflow_temple_1_default, uniq_natasha, uniq_crazy_yiuf_cottage
D:4:      first_ration, uniq_purgy, uniq_eustachio

Skill      XL: |  1  2  3  4  5  6 |
---------------+-------------------+-----
Spellcasting   | 3 4 |  4.8
Transmutations | 3 4 5 |  5.2
Unarmed Combat | 4 |  4.5
Fighting       | |  1.1
Dodging        | |  1.7

Action                   |  1- 3 |  4- 6 |  7- 9 || total
-------------------------+-------+-------+-------++-------
Melee: Unarmed           |    73 |   219 |    37 ||   329
       Tailslap          |    12 |    19 |     4 ||    35
       Kick              |     2 |    20 |     3 ||    25
       Headbutt          |     4 |     2 |       ||     6
       Punch             |     1 |     4 |       ||     5
 Cast: Beastly Appendage |     3 |    11 |     2 ||    16
       Sticks to Snakes  |       |    10 |       ||    10
 Abil: Breathe Lightning |       |       |     1 ||     1
  Use: Scroll            |       |     6 |     1 ||     7
       Potion            |       |     1 |     2 ||     3
 Stab: Sleeping          |     2 |       |       ||     2
  Eat: Chunk             |       |     7 |     1 ||     8
       Ration            |       |     1 |       ||     1
Armor: Skin              |    14 |    71 |     6 ||    91
Dodge: Dodged            |    45 |   119 |    18 ||   182

Table legend:
 A = Spawn XP
 B = Non-spawn XP
 C = Spawn XP percentage of total XP
 D = Spawn monster count
 E = Non-spawn monster count
 F = Spawn count percentage of total count
 G = Total turns spent on level
                    A         B        C        D         E        F      G
               +---------+---------+-------+---------+---------+-------+---------
         Total |       0 |     834 |   0.0 |       0 |      92 |   0.0 |  4140
               +---------+---------+-------+---------+---------+-------+---------
           D:1 |       0 |      28 |   0.0 |       0 |      15 |   0.0 |   834
           D:2 |       0 |     271 |   0.0 |       0 |      35 |   0.0 |  2093
           D:3 |       0 |     117 |   0.0 |       0 |      22 |   0.0 |   730
           D:4 |       0 |     418 |   0.0 |       0 |      20 |   0.0 |   483
               +---------+---------+-------+---------+---------+-------+---------
